Construct Section Command Post
Selects Heavy Armor Battlegroup
Construct Platoon Command Post
6-pounder Anti-tank Gun Team
Selects Light Vehicle Withdraw and Refit
Unlock Bishop Self-propelled Artillery
Light Vehicle Withdraw and Refit
Construct Field Infirmary
Unlock M3 Stuart Light Tanks
Light Vehicle Withdraw and Refit
6-pounder Anti-tank Gun Team
Bishop Self-propelled Artillery
Bishop Self-propelled Artillery
Light Vehicle Withdraw and Refit
Construct Company Command Post